 Dungeon Crawl Stone Soup version 0.31-a0-1042-ga9834b3 (webtiles) character file.

Game seed: 13221627836918665197

90164 PurpleRed the Devastator (level 15, -8/82 HPs)
             Began as a Deep Elf Fighter on Nov 19, 2023.
             Was the Champion of Vehumet.
             Killed from afar by Jorgrun (13 damage)
             ... with an iron shot
             ... while petrified by Jorgrun
             ... on level 15 of the Dungeon.
             The game lasted 01:41:06 (24236 turns).

PurpleRed the Devastator (Deep Elf Fighter)        Turns: 24236, Time: 01:41:06

Health: -8/82      AC: 14    Str: 13    XL:     15   Next: 51%
Magic:  34/48      EV:  2    Int: 31    God:    Vehumet [******]
Gold:   397        SH:  0    Dex: 18    Spells: 24/50 levels left

rFire   . . .        H - +6 short sword (vamp)
rCold   + . .        c - +1 buckler
rNeg    + + +        o - +2 leather armour of Supple Strength {Drain rPois rN+++ Stlth-}
rPois   ∞            W - +2 hat {Int+3}
rElec   +            T - +0 cloak of Terror {Will- Regen+ Int+7}
rCorr   .            j - +2 pair of gloves
SInv    .            d - +2 pair of boots {Fly}
Will    .....        v - amulet of reflection Stlth
                     m - ring of magical power
HPRegen 1.13/turn    X - ring of the Shining Light {rElec rC+ rN+ Dex+4 Stlth-}
MPRegen 0.31/turn

%: reflection
@: petrified, flying
A: no striking features
a: Renounce Religion


You were on level 15 of the Dungeon.
You worshipped Vehumet.
Vehumet was exalted by your worship.
You visited 3 branches of the dungeon, and saw 21 of its levels.
You also visited: Ossuary and Gauntlet.

You collected 1368 gold pieces.
You spent 971 gold pieces at shops.

Inventory:

Hand Weapons
 h - the +10 battleaxe of Anguish {flame, *Noise Str+5 Dex+3}
   (You found it on level 5 of the Lair of Beasts)

   Str+5:     It affects your strength (+5).
   Dex+3:     It affects your dexterity (+3).
   *Noise:    It may make a loud noise when swung.
 H - a +6 vampiric short sword (weapon)
 M - the +7 sceptre of Torment {pain, torment}
   (You found it on level 5 of the Lair of Beasts)
 Y - the +2 orcbow "Movvaxze" {drain, rF+ rC+ Str-3}
   (You took it off a minotaur in a Gauntlet)

   Str-3:     It affects your strength (-3).
   rF+:       It protects you from fire.
   rC+:       It protects you from cold.
Missiles
 u - 5 curare-tipped darts
 G - a throwing net
Armour
 c - a +1 buckler (worn)
 d - a +2 pair of boots of flying (worn)
 e - a +0 buckler
 j - a +2 pair of gloves (worn)
 n - a +1 cloak of preservation
 o - the +2 leather armour of Supple Strength (worn) {Drain rPois rN+++ Stlth-}
   (You bought it in a shop on level 4 of the Dungeon)

   rPois:     It protects you from poison rN+++: It renders you almost immune to
   negative energy.
   Drain:     It drains your maximum health when unequipped.
   Stlth-:    It makes you less stealthy.
 Q - +0 acid dragon scales
 T - the +0 cloak of Terror (worn) {Will- Regen+ Int+7}
   (You bought it in a shop on level 6 of the Dungeon)

   Int+7:     It affects your intelligence (+7).
   Will-:     It decreases your willpower.
   Regen+:    It increases your rate of health regeneration.
 W - a +2 hat of intelligence (worn)
 Z - a +2 hat of see invisible
Magical Staves
 S - a staff of cold
Jewellery
 a - a ring of fire
 m - a ring of magical power (left hand)
 s - a +5 ring of evasion
 t - a ring of poison resistance
 v - an amulet of reflection (around neck)
 V - a +6 ring of dexterity
 X - the ring of the Shining Light (right hand) {rElec rC+ rN+ Dex+4 Stlth-}
   (You found it in a Gauntlet)

   [ring of positive energy]

   Dex+4:     It affects your dexterity (+4).
   rC+:       It protects you from cold.
   rElec:     It insulates you from electricity.
   rN+:       It protects you from negative energy.
   Stlth-:    It makes you less stealthy.
Wands
 f - a wand of digging (9)
 w - a wand of charming (13)
 C - a wand of mindburst (6)
 K - a wand of light (13)
 O - a wand of roots (11)
Scrolls
 g - 2 scrolls of blinking
 i - a scroll of revelation
 p - 2 scrolls of amnesia
 r - a scroll of teleportation
 y - 5 scrolls of fog
 D - 3 scrolls of immolation
 N - 3 scrolls of poison
 R - a scroll of silence
Potions
 k - 5 potions of ambrosia
 l - 3 potions of mutation
 q - a potion of enlightenment
 x - 6 potions of attraction
 z - 7 potions of curing
 A - a potion of berserk rage {unknown}
 B - 4 potions of brilliance
 E - 3 potions of resistance
 F - 2 potions of haste
 I - 2 potions of invisibility {unknown}
 J - 3 potions of heal wounds
 L - 2 potions of might
 P - a potion of cancellation {unknown}
Miscellaneous
 b - a tin of tremorstones (2/2)
 U - a phial of floods


   Skills:
 - Level 5.0 Fighting
 - Level 2.0 Short Blades
 - Level 2.4 Armour
 - Level 5.0 Dodging
 - Level 2.4 Shields
 - Level 18.0 Spellcasting
 - Level 18.0 Conjurations
 - Level 2.0 Translocations
 + Level 17.7 Fire Magic
 - Level 2.0 Air Magic


You had 24 spell levels left.
You knew the following spells:

 Your Spells              Type           Power      Damage    Failure   Level
a - Starburst             Conj/Fire      47%        6d13      1%          6
b - Static Discharge      Conj/Air       100%       3-8/arc   1%          2
d - Fulminant Prism       Conj/Hex       35%        3d18      1%          4
f - Fireball              Conj/Fire      47%        3d19      1%          5
g - Orb of Destruction    Conj           48%        9d13      1%          7
k - Momentum Strike       Conj/Tloc      100%       3d10      1%          2

Your spell library contained the following spells:

 Spells                   Type           Power      Damage    Failure   Level
 Yara's Violent Unravell  Hex/Tmut       13%        3d7       17%         5
 Magic Dart               Conj           100%       1d8       0%          1
 Searing Ray              Conj           100%       2d8       0%          2
 Kiss of Death            Conj/Necr      100%       2d13      1%          1
 Blink                    Tloc           80%        N/A       1%          2
 Lesser Beckoning         Tloc           80%        N/A       1%          2
 Brom's Barrelling Bould  Conj/Erth      70%        2d8       1%          4
 Iskenderun's Battlesphe  Conj           96%        2d14      1%          5
 Conjure Ball Lightning   Conj/Air       37%        3x3d12    1%          6
 Ensorcelled Hibernation  Hex/Ice        54%        N/A       3%          2
 Jinxbite                 Hex            54%        N/A       3%          2
 Passwall                 Tmut/Erth      22%        N/A       3%          2
 Swiftness                Air            40%        N/A       3%          3
 Animate Dead             Necr           27%        N/A       24%         4
 Haunt                    Necr/Summ      13%        N/A       100%        7
 Infestation              Necr           13%        N/A       100%        8


Dungeon Overview and Level Annotations

Branches:
Dungeon (15/15)            Temple (1/1) D:5            Lair (5/5) D:10
 Spider (0/4) Lair:2        Slime (0/5) Lair:5       Vaults (0/5) D:13
 Depths (0/4) D:15        Ossuary (visited)         Gauntlet (visited)
  Swamp: Lair:2-3    Shoals: Lair:2-3       Orc: D:9-12

Altars:
Ashenzari
Cheibriados
Dithmenos
Elyvilon
Fedhas
Gozag
Hepliaklqana
Kikubaaqudgha
Makhleb
Nemelex Xobeh
Okawaru
Qazlal
Ru
Sif Muna
Trog
Uskayaw
Vehumet
Wu Jian
Xom
Yredelemnul
Zin
The Shining One
Jiyva

Shops:
D:4 [   D:6 *([!

Annotations:
D:8 3 runed translucent doors, wqsa789's ghost, novice MfGl
D:15 Jorgrun
Lair:5 1 runed translucent door, stone111's ghost, journeyman HuGl


Message History

Aiming: Fireball (safe; 1% risk of failure)
Press: ? - help, Shift-Dir - straight line The fireball explodes!
The fireball engulfs Jorgrun!
Jorgrun is severely wounded.
You hear a shout!
Your limbs are stiffening.
Casting: Fireball (safe; 1% risk of failure)
Confirm with . or Enter, or press ? or * to list all spells.
Aiming: Fireball (safe; 1% risk of failure)
Press: ? - help, Shift-Dir - straight line The fireball explodes!
The fireball engulfs Jorgrun!
Jorgrun is almost dead.
An efreet comes into view.
It is wielding a +1 scimitar of flaming.
Jorgrun completely misses you.
You have turned to stone.
Jorgrun hits you but does no damage. x2
Jorgrun casts a spell at you.
Jorgrun points at you and mumbles some strange words.
You barely resist. Jorgrun casts a spell at you. The iron shot hits you!!!
The cyclops hits you!!
Jorgrun says, "May tha earth consume ye!"
Jorgrun hits you but does no damage.
The efreet hits you with a +1 scimitar of flaming!
The efreet burns you.
The efreet hits you with a +1 scimitar of flaming!!
The efreet burns you! Jorgrun hits you with a staff of earth!
* * * LOW HITPOINT WARNING * * *
The cyclops hits you!
* * * LOW HITPOINT WARNING * * *
Jorgrun hits you but does no damage.
The efreet hits you with a +1 scimitar of flaming!
* * * LOW HITPOINT WARNING * * *
The efreet burns you.
* * * LOW HITPOINT WARNING * * *
The cyclops hits you!
* * * LOW HITPOINT WARNING * * *
Jorgrun casts a spell at you. The iron shot hits you!!
You die...

#+#' #.# .#. #.# ... #.#
.. #.# ###.### #.#
#..... #.#
.#.#.#..####.###########
......RgC..............#
##.####@############...#
#....)....# #...#
######.##.# #..)# #.. ..
##.)# #.. ... ##)# ....
.. #)# .### # #.# .
#####.. #...##.


You could see Jorgrun, a cyclops and an efreet.

Vanquished Creatures
  Gastronok (D:12)
  A fire giant (D:15)
  Nessos (D:12)
  A dire elephant (Lair:5)
  A minotaur (Gauntlet)
  A great orb of eyes (shapeshifter) (D:11)
  A fire dragon (Lair:5)
  Fannar (D:10)
  3 ogre magi
  6 hydras
  5 centaur warriors
  Erolcha (D:12)
  A death knight (D:11)
  3 boulder beetles
  10 two-headed ogres
  2 tengu warriors
  12 death yaks
  Sonja (Lair:4)
  3 skysharks
  A swamp dragon (Lair:5)
  3 deep elf pyromancers
  An orc knight (D:14)
  2 lindwurms (Lair:5)
  3 ugly things (D:14)
  3 oklob plants (Lair:5)
  3 manticores
  8 cyclopes
  6 elephants
  7 black mambas
  A moth of wrath (Gauntlet)
  A torpor snail (Lair:5)
  A cane toad (shapeshifter) (D:13)
  10 cane toads
  4 unseen horrors
  A freezing wraith (D:14)
  8 komodo dragons
  5 rime drakes
  A yaktaur (D:15)
  2 efreet
  A tengu conjurer (D:14)
  A kobold demonologist (D:12)
  A rime drake (shapeshifter) (D:13)
  A hornet (D:9)
  A queen bee (D:10)
  2 trolls
  22 blink frogs
  3 dream sheep (Lair:5)
  14 slime creatures
  A jumping spider (Lair:2)
  4 wraiths
  2 shadows (D:12)
  A human (shapeshifter) (D:13)
  2 culicivoras (Lair:2)
  A vampire (D:11)
  3 wyverns
  A yak (shapeshifter) (D:14)
  54 yaks
  8 basilisks
  A fire elemental (Gauntlet)
  4 redbacks
  2 steam dragons (Lair:5)
  3 vampire mosquitoes (D:12)
  15 water moccasins
  4 swamp worms (D:12)
  An acid dragon (Lair:5)
  2 hell hounds (Gauntlet)
  2 swamp drakes (Lair:5)
  Duvessa (D:7)
  2 ice beasts (D:7)
  8 orc warriors
  4 black bears
  12 centaurs
  8 ogres
  18 wolves
  An elf zombie (Ossuary)
  4 kobold brigands
  A spectral wyvern (Lair:2)
  2 gnoll sergeants
  16 bullfrogs
  A wyvern zombie (D:7)
  3 scorpions
  9 wights
  Dowan (D:7)
  43 killer bees
  4 electric eels
  A howler monkey (D:12)
  A jelly (D:6)
  5 centaur zombies
  2 human zombies (Ossuary)
  2 bullfrog skeletons (D:8)
  4 hounds
  A gnoll bouda (D:6)
  4 orc priests
  A sleepcap (D:6)
  8 orc wizards
  A scorpion zombie (D:8)
  7 iguanas
  5 killer bee zombies
  2 mummies (Ossuary)
  37 gnolls
  3 howler monkey skeletons (D:8)
  5 adders
  A shadow imp (D:8)
  2 white imps
  2 ufetubi (D:6)
  An adder zombie (Ossuary)
  2 worms
  3 dart slugs (D:1)
  26 orcs
  11 endoplasms
  2 giant cockroaches
  4 goblins
  8 hobgoblins
  2 jackals (D:1)
  2 quokkas
  7 ball pythons
  5 bats
  5 frilled lizards
  A goblin zombie (Ossuary)
  10 hobgoblin zombies (Ossuary)
  24 kobolds
  11 kobold zombies (Ossuary)
  9 orc zombies (Ossuary)
  7 rats
  A rat zombie (Ossuary)
656 creatures vanquished.

Vanquished Creatures (others)
  A yak (Lair:5)
  An orc (D:8)
  41 fulminant prisms
43 creatures vanquished.

Grand Total: 699 creatures vanquished

Notes
Turn   | Place    | Note
-------+----------+-------------------------------------------
     0 | D:1      | PurpleRed the Deep Elf Fighter began the quest for the Orb.
     0 | D:1      | Reached XP level 1. HP: 13/13 MP: 3/3
    16 | D:1      | Reached skill level 1 in Spellcasting
    45 | D:1      | Reached XP level 2. HP: 17/18 MP: 7/7
   308 | D:1      | Reached XP level 3. HP: 6/22 MP: 10/10
   314 | D:1      | HP: 1/22 [kobold/+0 dagger (2)]
  1218 | D:2      | Reached skill level 5 in Spellcasting
  1218 | D:2      | Reached XP level 4. HP: 27/27 MP: 13/13
  2548 | D:4      | Identified a scroll of acquirement
  2548 | D:4      | Acquired Quff's Incantation in Simple Steps
  2553 | D:4      | Learned a level 2 spell: Momentum Strike
  2556 | D:4      | Learned a level 2 spell: Static Discharge
  2593 | D:4      | Found Raustuel's Antique Armour Shoppe.
  2603 | D:4      | Noticed a bullfrog
  2609 | D:4      | Killed a bullfrog
  2610 | D:4      | Reached skill level 1 in Conjurations
  2610 | D:4      | Reached skill level 1 in Translocations
  2610 | D:4      | Reached XP level 5. HP: 31/31 MP: 15/15
  2914 | D:4      | Noticed a black bear
  3174 | D:4      | Killed a black bear
  3175 | D:4      | Reached XP level 6. HP: 31/36 MP: 17/17
  3191 | D:4      | Bought a fading leather armour for 189 gold pieces
  3191 | D:4      | Identified the +2 leather armour of Supple Strength {Drain
                  | rPois rN+++ Stlth-} (You bought it in a shop on level 4 of
                  | the Dungeon)
  3538 | D:5      | Entered Level 5 of the Dungeon
  3538 | D:5      | Found a glowing golden altar of the Shining One.
  3539 | D:5      | Found an ornate altar of the Wu Jian Council.
  3544 | D:5      | Found a staircase to the Ecumenical Temple.
  3553 | Temple   | Entered the Ecumenical Temple
  3572 | Temple   | Became a worshipper of Vehumet
  3606 | D:5      | Reached skill level 1 in Air Magic
  3653 | D:5      | Reached skill level 5 in Conjurations
  3653 | D:5      | Reached XP level 7. HP: 35/40 MP: 15/18
  5118 | D:6      | Reached XP level 8. HP: 45/45 MP: 19/19
  5460 | D:6      | Reached * piety under Vehumet
  5460 | D:6      | Offered knowledge of Magic Dart by Vehumet.
  5472 | D:6      | Learned a level 1 spell: Magic Dart
  5561 | D:6      | Found Riplafog's Distillery.
  5564 | D:6      | Bought a potion of curing for 39 gold pieces
  5611 | D:6      | Found Vuasmam's Weapon Boutique.
  6097 | D:6      | Found Diap's Antique Armour Boutique.
  6281 | D:6      | Found Cuch's General Store.
  6768 | D:7      | Reached skill level 10 in Conjurations
  6924 | D:7      | Reached XP level 9. HP: 46/49 MP: 23/23
  7889 | D:7      | Noticed Duvessa
  8232 | D:7      | Noticed Dowan
  8243 | D:7      | Killed Duvessa
  8247 | D:7      | Killed Dowan
  8505 | D:8      | Killed an unseen horror
  8566 | D:8      | Offered knowledge of Kiss of Death by Vehumet.
  8575 | D:8      | Learned a level 1 spell: Kiss of Death
  8578 | D:8      | Found a sand-covered staircase.
  8647 | Ossuary  | Entered an ossuary
  8656 | Ossuary  | Reached ** piety under Vehumet
  8778 | Ossuary  | Offered knowledge of Ignite Poison by Vehumet.
  8779 | Ossuary  | Reached skill level 10 in Spellcasting
  8932 | Ossuary  | Reached *** piety under Vehumet
  9720 | D:8      | Found a runed translucent gate.
  9721 | D:8      | Found a runed translucent gate.
  9721 | D:8      | Found an opulent altar of Gozag.
  9721 | D:8      | Found a runed translucent gate.
  9722 | D:8      | Noticed a tengu conjurer
  9722 | D:8      | Noticed wqsa789's ghost (novice MfGl)
  9723 | D:8      | Noticed a boulder beetle
  9795 | D:8      | Reached XP level 10. HP: 53/54 MP: 26/26
 10127 | D:9      | Offered knowledge of Inner Flame by Vehumet.
 11216 | D:10     | Entered Level 10 of the Dungeon
 11290 | D:10     | Noticed Fannar
 11446 | D:10     | Reached **** piety under Vehumet
 11452 | D:10     | Offered knowledge of Dazzling Flash by Vehumet.
 11662 | D:10     | Reached XP level 11. HP: 58/58 MP: 19/29
 11821 | D:10     | Noticed a death yak
 11851 | D:10     | Noticed a two-headed ogre
 11860 | D:10     | Killed a two-headed ogre
 11867 | D:10     | Reached skill level 15 in Conjurations
 11907 | D:10     | Reached ***** piety under Vehumet
 11921 | D:10     | Offered knowledge of Starburst by Vehumet.
 11939 | D:10     | Learned a level 6 spell: Starburst
 11995 | D:10     | Reached skill level 1 in Fire Magic
 12095 | D:10     | Noticed a two-headed ogre
 12102 | D:10     | Killed a two-headed ogre
 12449 | D:10     | Killed Fannar
 12450 | D:10     | Reached skill level 5 in Fire Magic
 12621 | D:10     | Found a staircase to the Lair.
 12626 | D:10     | Killed a death yak
 13187 | D:6      | Bought the +0 cloak of Terror {Will- Regen+ Int+7} for 286
                  | gold pieces
 13435 | D:11     | Noticed a two-headed ogre
 13438 | D:11     | Killed a two-headed ogre
 13524 | Lair:1   | Entered Level 1 of the Lair of Beasts
 13529 | Lair:1   | Noticed a boulder beetle
 13535 | Lair:1   | Killed a boulder beetle
 13567 | Lair:1   | Found a gate leading to a gauntlet.
 13618 | Gauntlet | Entered a Gauntlet
 13618 | Gauntlet | Found a transporter.
 13626 | Gauntlet | Noticed a reaper
 13712 | Gauntlet | Found a transporter.
 13713 | Gauntlet | Found a transporter.
 13718 | Gauntlet | Found a transporter.
 13721 | Gauntlet | Found a transporter.
 13722 | Gauntlet | Found a transporter.
 13725 | Gauntlet | Found the necklace of Bloodlust {Fury *Rage Will++ Int-3
                  | Slay+6}
 13734 | Gauntlet | Found a transporter.
 13739 | Gauntlet | Found a transporter.
 13763 | Gauntlet | Found a transporter.
 13780 | Gauntlet | Found a transporter.
 13782 | Gauntlet | Found a transporter.
 13783 | Gauntlet | Noticed a death scarab
 13788 | Gauntlet | Noticed a death scarab
 13792 | Gauntlet | Found a transporter.
 13824 | Gauntlet | Reached skill level 10 in Fire Magic
 13834 | Gauntlet | Reached XP level 12. HP: 37/64 MP: 15/30
 13936 | Gauntlet | Identified the +1 helmet of the Banana {Int+4 Dex-5}
 13962 | Gauntlet | Reached skill level 1 in Dodging
 14013 | Gauntlet | Identified the ring of the Shining Light {rElec rC+ rN+
                  | Dex+4 Stlth-}
 14127 | Gauntlet | Identified the +2 orcbow "Movvaxze" {drain, rF+ rC+ Str-3}
 14127 | Gauntlet | Noticed a minotaur
 14171 | Gauntlet | Killed a minotaur
 14782 | Lair:1   | Noticed a six-headed hydra
 14786 | Lair:1   | Killed a six-headed hydra
 14787 | Lair:1   | Reached skill level 5 in Dodging
 14849 | Lair:1   | Reached skill level 5 in Fighting
 16070 | Lair:2   | Found a hole to the Spider Nest.
 16077 | Lair:2   | Offered knowledge of Plasma Beam by Vehumet.
 16152 | Lair:2   | Noticed a ghost crab
 16388 | Lair:3   | Noticed a seven-headed hydra
 16390 | Lair:3   | Killed a seven-headed hydra
 16391 | Lair:3   | Reached XP level 13. HP: 72/72 MP: 24/33
 16663 | Lair:3   | Learned a level 4 spell: Fulminant Prism
 16927 | Lair:3   | Reached skill level 15 in Spellcasting
 16989 | Lair:3   | Identified the +8 morningstar of Temperance {pain, Dex+2}
 17113 | Lair:4   | Noticed Sonja
 17117 | Lair:4   | Killed Sonja
 17295 | Lair:5   | Entered Level 5 of the Lair of Beasts
 17641 | Lair:5   | Offered knowledge of Fireball by Vehumet.
 17665 | Lair:5   | Learned a level 5 spell: Fireball
 17707 | Lair:5   | Reached XP level 14. HP: 78/78 MP: 36/36
 18089 | Lair:5   | Identified the +10 battleaxe of Anguish {flame, *Noise
                  | Str+5 Dex+3}
 18247 | Lair:5   | Found the +7 sceptre of Torment {pain, torment}
 18392 | Lair:5   | Found a viscous altar of Jiyva.
 18421 | Lair:5   | Found a staircase to the Slime Pits.
 18522 | Lair:5   | Found a runed translucent door.
 18522 | Lair:5   | Found a shimmering altar of Xom.
 18522 | Lair:5   | Noticed stone111's ghost (journeyman HuGl)
 18523 | Lair:5   | Identified the +11 dire flail of Impeachment {chaos,
                  | *Corrode Int+6 Stlth+}
 19093 | D:6      | Bought a pair of fine gloves for 275 gold pieces
 19093 | D:6      | Identified the +3 pair of gloves "Naxzeot" {-Cast *Slow
                  | +Inv Str+8} (You bought it in a shop on level 6 of the
                  | Dungeon)
 19141 | D:6      | Bought a potion of haste for 130 gold pieces
 19141 | D:6      | Bought a potion of brilliance for 52 gold pieces
 19207 | D:11     | Noticed a quicksilver ooze
 19951 | D:12     | Noticed Gastronok
 19957 | D:12     | Killed Gastronok
 20080 | D:12     | Noticed Erolcha
 20083 | D:12     | Killed Erolcha
 20090 | D:12     | Found a transporter.
 20290 | D:12     | Noticed Nessos
 20294 | D:12     | Killed Nessos
 20741 | D:12     | Found a transporter.
 21003 | D:12     | Reached skill level 15 in Fire Magic
 21060 | D:12     | Identified the amulet "Heann" {Faith rPois rF+ Will-}
 21414 | D:13     | Reached XP level 15. HP: 68/82 MP: 39/39
 21758 | D:13     | Learned a level 7 spell: Orb of Destruction
 21800 | D:13     | Reached ****** piety under Vehumet
 22181 | D:13     | You are sucked into a shaft and drop 1 floor!
 23550 | D:13     | Found a gate to the Vaults.
 23935 | D:15     | Entered Level 15 of the Dungeon
 23954 | D:15     | Offered knowledge of Yara's Violent Unravelling by Vehumet.
 24054 | D:15     | Noticed a fire giant
 24055 | D:15     | Found a staircase to the Depths.
 24074 | D:15     | Killed a fire giant
 24222 | D:15     | Noticed Jorgrun
 24236 | D:15     | Killed from afar by Jorgrun

Illustrated notes

Levels and vault maps discovered:
D:1:      dpeg_arrival_houses_and_road, layout_rooms, kennysheep_flooded_box
D:2:      layout_basic, grunt_ministairs_1
D:3:      layout_basic
D:4:      layout_cave_pools, serial_shops, shop
D:5:      layout_basic, nicolae_overflow_hidden_temple,
          minmay_temple_entry_overgrown
D:6:      layout_basic, serial_shops, nicolae_shop_bloodbath_and_beyond,
          nicolae_shop_just_a_little_nook, nicolae_diamond_shop,
          nicolae_shop_real_fake_doors
D:7:      layout_loops_ring, serial_undead, serial_undead_c, serial_undead_f,
          serial_undead_e, serial_undead_c, grunt_ministairs_11,
          roderic_lattice_a, uniq_duvessa
D:8:      layout_loops_cross, mainiacjoe_ossuary_entry_find_the_door,
          ebering_ghost_gozag, palyth_stone_intersect
D:9:      layout_small_grid
D:10:     layout_roguey [special_room_bee], david_lair_generic, uniq_fannar
D:11:     layout_irregular_city, orc_0_dummy, minivault_28
D:12:     gammafunk_worm_tunnel, layout_irregular_city, uniq_nessos,
          uniq_erolcha, uniq_gastronok
D:13:     layout_gridville, david_vaults_2
D:14:     layout_gridville, special_room [special_room_orc],
          chequers_serial_rivers_micro_e
D:15:     grunt_enter_depths_giant_problem, layout_basic,
          minmay_statue_crystal_thing, uniq_jorgrun
Temple:   nicolae_temple_bog_church
Lair:1:   layout_layer_cave, gauntlet_entry_generic
Lair:2:   layout_hall_layers, nicolae_swamp_entry_spooky,
          spider_nest_entry_funnel_web
Lair:3:   layout_hall_layers, serial_bayou_lagoon_a, lemuel_old_faithful,
          grunt_megastairs_1, infiniplex_staircase_pool
Lair:4:   layout_small_grid, special_room [special_room_mythical_zoo],
          serial_bayou_ford_a, grunt_megastairs_5, uniq_sonja
Lair:5:   hangedman_lair_in_review, layout_regular_city,
          guppyfry_lair_end_dragon, minmay_slime_entry_oklob_enclosed,
          ebering_ghost_xom

Skill      XL: |  1  2  3  4  5  6  7  8  9 10 11 12 13 14 15 |
---------------+----------------------------------------------+-----
Spellcasting   | 2 3 5 6 8 10 12 14 16 18 | 18.0
Conjurations   | 1 3 5 7 10 12 14 15 17 18 | 18.0
Translocations | 1 2 |  2.0
Air Magic      | 1 2 |  2.0
Fire Magic     | 10 11 13 15 17 | 17.7
Dodging        | 5 |  5.0
Fighting       | 5 |  5.0
Short Blades   | |  2.0
Armour         | |  2.4
Shields        | |  2.4

Action                     |  1- 3 |  4- 6 |  7- 9 | 10-12 | 13-15 || total
---------------------------+-------+-------+-------+-------+-------++-------
  Melee: Rapier            |   184 |   105 |    57 |       |       ||   346
         Short sword       |       |       |    41 |    69 |    22 ||   132
  Throw: Dart              |       |       |       |     4 |       ||     4
   Cast: Momentum Strike   |       |     8 |    56 |    36 |     8 ||   108
         Static Discharge  |       |     5 |   200 |   130 |    16 ||   351
         Magic Dart        |       |       |     2 |     6 |       ||     8
         Kiss of Death     |       |       |       |     1 |       ||     1
         Starburst         |       |       |       |   110 |   110 ||   220
         Fulminant Prism   |       |       |       |       |    41 ||    41
         Fireball          |       |       |       |       |   193 ||   193
         Orb of Destructio |       |       |       |       |     7 ||     7
  Evoke: Wand              |       |     5 |     3 |     1 |     5 ||    14
         Phial of floods   |       |       |       |     1 |       ||     1
    Use: Scroll            |       |     5 |    10 |     8 |    16 ||    39
         Potion            |       |     2 |       |    11 |     6 ||    19
 Armour: Scale mail        |   131 |    69 |       |       |       ||   200
         Leather armour    |       |    13 |   418 |   333 |   170 ||   934
         Skin              |       |       |       |    53 |     2 ||    55
  Dodge: Dodged            |    92 |    46 |   152 |   113 |    80 ||   483
  Block: Buckler           |    40 |    29 |    75 |    62 |    42 ||   248
         Reflection        |       |       |       |       |     6 ||     6

Table legend: (Time is in decaauts)
 A = Elapsed time spent in this place.
 B = Non-inter-level travel time spent in this place.
 C = Inter-level travel time spent in this place.
 D = Time resting spent in this place.
 E = Time spent auto-exploring this place.
 F = Levels seen in this place.
 G = Mean time per level.
                   A        B        C        D        E       F      G
               +--------+--------+--------+--------+--------+-----+--------+
         Total |  24343 |  23028 |   1315 |   3691 |  13088 |  23 | 1058.4 |
       Dungeon |  18365 |  17188 |   1177 |   2427 |  10853 |  15 | 1224.3 |
        Temple |     38 |     21 |     17 |      0 |      0 |   1 |   38.0 |
          Lair |   4847 |   4726 |    121 |    787 |   2115 |   5 |  969.4 |
       Ossuary |    473 |    473 |      0 |    228 |     23 |   1 |  473.0 |
      Gauntlet |    619 |    619 |      0 |    249 |     97 |   1 |  619.0 |
               +--------+--------+--------+--------+--------+-----+--------+

Top non-repeatable levels by time:
    D:10: 2214 daAuts
     D:7: 1822 daAuts
     D:6: 1747 daAuts
  Lair:5: 1643 daAuts
    D:13: 1601 daAuts
     D:5: 1477 daAuts
     D:8: 1294 daAuts
    D:14: 1256 daAuts
     D:9: 1224 daAuts
     D:2: 1182 daAuts
    D:12: 1153 daAuts
  Lair:1: 1151 daAuts
     D:3: 1058 daAuts
  Lair:2: 1021 daAuts
  Lair:3: 828 daAuts
